 Dungeon Crawl Stone Soup version 0.20.1-1-g8b1a95d (webtiles) character file.

3525 mopl the Quickloader (level 10, -6/77 HPs)
             Began as a Formicid Hunter on Nov 3, 2017.
             Was a Believer of Okawaru.
             Mangled by a two-headed ogre
             ... wielding a +0 giant club
              (8 damage)
             ... on level 8 of the Dungeon.
             The game lasted 00:21:29 (9711 turns).

mopl the Quickloader (Formicid Hunter)              Turns: 9711, Time: 00:21:30

Health: -6/77      AC: 22    Str: 20    XL:     10   Next: 29%
Magic:  12/14      EV: 10    Int: 10    God:    Okawaru [**....]
Gold:   134        SH:  0    Dex: 12    Spells: 9/9 levels left

rFire    . . .     SeeInvis +   a - +1 hand crossbow
rCold    . . .     Gourm    .   (no shield)
rNeg     . . .     Faith    .   S - +0 plate armour
rPois    .         Spirit   .   (helmet unavailable)
rElec    .         Reflect  .   z - +0 cloak
rCorr    +         Harm     .   Q - +1 pair of gloves "Revas" {+Inv}
MR       +....                  w - +2 pair of boots
Stlth    ..........             (no amulet)
Regen    0.3/turn               p - +1 ring of evasion
MPRegen  0.2/turn               P - ring of resist corrosion

@: heroism
A: permanent stasis, dig shafts and tunnels, four strong arms, antennae 3
a: Dig, Shaft Self, Heroism, Renounce Religion, Evoke Invisibility


You were on level 8 of the Dungeon.
You worshipped Okawaru.
Okawaru was pleased with you.
You were very hungry.

You visited 2 branches of the dungeon, and saw 9 of its levels.
You also visited: Ossuary.

You collected 470 gold pieces.
You spent 336 gold pieces at shops.

Inventory:

Hand Weapons
 a - a +1 hand crossbow (weapon)
 b - a +0 hunting sling
 K - a +0 shortbow
Missiles
 d - 82 bolts (quivered)
 i - 127 stones
 l - 2 throwing nets
 n - 8 tomahawks
 t - 17 sling bullets
 x - 13 poisoned needles
 y - 2 tomahawks of returning
 G - 5 poisoned tomahawks
 J - 2 needles of frenzy
 L - 69 arrows
Armour
 w - a +2 pair of boots (worn)
 z - a +0 cloak (worn)
 Q - the +1 pair of gloves "Revas" (worn) {+Inv}
   (You found it on level 6 of the Dungeon)

   It lets you turn invisible.
 S - a +0 plate armour (worn)
Jewellery
 p - a +1 ring of evasion (left hand)
 P - a ring of resist corrosion (right hand)
Wands
 h - a wand of acid (7/15)
 B - a wand of enslavement (3/24)
 H - a wand of polymorph (0/24)
 I - a wand of disintegration (9/24)
 R - a wand of paralysis (14/24)
 V - a wand of lightning (5/15)
Scrolls
 c - 3 scrolls of enchant weapon {unknown}
 g - 8 scrolls of remove curse {unknown}
 o - 9 scrolls of identify {unknown}
 r - 4 scrolls of immolation {unknown}
 v - 7 scrolls of random uselessness {unknown}
 A - a scroll of noise {unknown}
 E - a scroll of recharging {unknown}
 M - a scroll of blinking {unknown}
 N - 2 scrolls of amnesia
Potions
 e - 2 potions of haste {unknown}
 j - 5 potions of might
 k - 2 potions of ambrosia {unknown}
 m - a potion of flight
 q - 8 potions of curing
 s - a potion of mutation {unknown}
 u - 3 potions of brilliance {unknown}
 C - a potion of cancellation {unknown}
 D - a potion of heal wounds
 O - 2 potions of lignification {unknown}
 T - 3 potions of agility
 U - a potion of berserk rage {unknown}
 W - a potion of invisibility {unknown}
 X - a potion of magic {unknown}
Comestibles
 f - 15 bread rations
 F - 7 meat rations
 Y - 4 fruits
 Z - a royal jelly


   Skills:
 + Level 6.3(11.3) Fighting
 * Level 11.3(16.3) Crossbows
 + Level 5.7(10.7) Armour
 - Level 1.7(6.7) Dodging
 - Level 1.2(6.2) Stealth
 + Level 5.8 Invocations


You had 9 spell levels left.
You didn't know any spells.

Dungeon Overview and Level Annotations

Branches:
Dungeon (8/15)             Temple (1/1) D:5
   Lair: D:8-11

Altars:
Ashenzari
Cheibriados
Dithmenos
Elyvilon
Fedhas
Gozag
Hepliaklqana
Kikubaaqudgha
Nemelex Xobeh
Okawaru
Qazlal
Ru
Sif Muna
Trog
Uskayaw
Vehumet
Xom
Yredelemnul
Zin
The Shining One

Shops:
D:4 :   D:5 :*%(=   D:7 (!   D:8 (!=

Annotations:
D:8 1 runed door, exclusion: orange crystal statue


Innate Abilities, Weirdness & Mutations

You cannot be hasted, slowed, berserked, paralysed or teleported.
You can dig through walls and to a lower floor.
Your four strong arms can wield two-handed weapons with a shield.
You have a pair of large antennae on your head. (SInv)


Message History

You shoot a bolt. The bolt hits the two-headed ogre!
The two-headed ogre is heavily wounded.
Unknown command.
Firing (i - inventory. (,) - cycle):
d - 84 bolts (quivered)
Press: ? - help, Shift-Dir - straight line, f/p - two-headed ogre
Aim: a two-headed ogre, wielding a giant club and a giant spiked club (heavily wounded)
You shoot a bolt. The bolt hits the two-headed ogre.
The two-headed ogre is heavily wounded.
The two-headed ogre hits you with a giant club!!
* * * LOW HITPOINT WARNING * * *
The two-headed ogre hits you but does no damage.
Unknown command.
Firing (i - inventory. (,) - cycle):
d - 83 bolts (quivered)
Press: ? - help, Shift-Dir - straight line, f/p - two-headed ogre
Aim: a two-headed ogre, wielding a giant club and a giant spiked club (heavily wounded)
You shoot a bolt. The bolt hits the two-headed ogre!!
The two-headed ogre is almost dead.
The two-headed ogre hits you but does no damage.
The two-headed ogre hits you with a giant spiked club!
You die...

..(. .... #... #..#
## ## #. # #.(#{.
...{#. ##
#..#.#...#.#.## #.
#.O#.......#..# #.
#.@#...[...#..####.
##.#.......#...##..
#.# #...#.#......#
#.#{ ...8#...[###
#.####+####...##
##............##
#.######......# ###
###.....##
##...###..#


You could see a two-headed ogre.

Vanquished Creatures
  A komodo dragon (D:8)
  Prince Ribbit (D:7)
  Eustachio (D:4)
  A hungry ghost (D:7)
  Duvessa (D:7)
  An orc warrior (D:7)
  2 sky beasts (D:8)
  An ice beast (D:8)
  A necrophage (D:6)
  A phantom (D:7)
  3 ogres
  A centaur (D:6)
  Blork the orc (D:5)
  2 bullfrogs
  Dowan (D:7)
  A scorpion (D:4)
  3 electric eels (D:7)
  A crimson imp (D:5)
  A centaur zombie (D:6)
  2 hounds (D:6)
  2 jellies
  7 orc priests
  10 orc wizards
  A bullfrog skeleton (D:7)
  4 iguanas
  Terence (D:2)
  Natasha (thrice) (D:4)
  5 worker ants
  3 big kobold zombies (Ossuary)
  5 mummies
  4 gnolls (D:4)
  10 adders
  2 shadow imps
  An adder skeleton (D:4)
  2 worms
  3 dart slugs
  4 leopard geckos
  25 orcs
  7 bats
  7 giant cockroaches
  6 goblins
  7 hobgoblins
  11 jackals
  6 kobolds
  3 quokkas
  A ball python (D:2)
  6 frilled lizards
  2 hobgoblin zombies (Ossuary)
  2 kobold zombies
  A leopard gecko skeleton (D:7)
  3 orc zombies
  7 rats
188 creatures vanquished.

Vanquished Creatures (others)
  Pikel (D:4)
  A scorpion (D:4)
  2 worker ants (D:4)
  A frilled lizard (D:4)
  7 plants (D:8)
12 creatures vanquished.

Grand Total: 200 creatures vanquished

Notes
Turn   | Place    | Note
-------+----------+-------------------------------------------
     0 | D:1      | mopl the Formicid Hunter began the quest for the Orb.
     0 | D:1      | Reached XP level 1. HP: 16/16 MP: 1/1
    94 | D:1      | Reached XP level 2. HP: 22/22 MP: 2/2
   873 | D:2      | Reached XP level 3. HP: 27/27 MP: 3/3
   890 | D:2      | Reached skill level 5 in Crossbows
  1139 | D:2      | Noticed Terence
  1151 | D:2      | Killed Terence
  1151 | D:2      | Reached XP level 4. HP: 25/33 MP: 4/4
  1881 | D:3      | Reached skill level 6 in Crossbows
  1881 | D:3      | Reached XP level 5. HP: 38/38 MP: 5/5
  2380 | D:4      | Reached XP level 6. HP: 30/44 MP: 6/6
  2388 | D:4      | Reached skill level 7 in Crossbows
  2389 | D:4      | Noticed Natasha
  2392 | D:4      | Killed Natasha
  2421 | D:4      | Noticed Natasha
  2427 | D:4      | Killed Natasha
  2779 | D:4      | Noticed Eustachio
  2801 | D:4      | Killed Eustachio
  2801 | D:4      | Reached skill level 8 in Crossbows
  2801 | D:4      | Reached XP level 7. HP: 16/50 MP: 7/7
  3088 | D:4      | Found Gyocam's Book Shoppe.
  3091 | D:4      | Noticed Natasha
  3098 | D:4      | Killed Natasha
  3429 | D:4      | Found a hide-covered altar of Uskayaw.
  3438 | D:4      | Reached skill level 1 in Armour
  3616 | D:4      | Reached XP level 8. HP: 40/57 MP: 8/8
  3626 | D:4      | Reached skill level 3 in Fighting
  3786 | D:4      | Noticed Pikel
  3849 | D:4      | Killed Pikel
  4264 | D:5      | Entered Level 5 of the Dungeon
  4354 | D:5      | Found Elinix's Antique Weapon Boutique.
  4422 | D:5      | Found Sifador's Food Emporium.
  4436 | D:5      | Found a blossoming altar of Fedhas.
  4437 | D:5      | Found a radiant altar of Vehumet.
  4444 | D:5      | Found Utageong's General Store.
  4453 | D:5      | Bought a potion of curing for 33 gold pieces
  4453 | D:5      | Bought a scroll of amnesia for 38 gold pieces
  4453 | D:5      | Bought a scroll of teleportation for 33 gold pieces
  4502 | D:5      | Reached skill level 9 in Crossbows
  4511 | D:5      | Noticed Blork the orc
  4535 | D:5      | Reached skill level 2 in Armour
  4543 | D:5      | Killed Blork the orc
  4619 | D:5      | Found a staircase to the Ecumenical Temple.
  4665 | Temple   | Entered the Ecumenical Temple
  4795 | D:5      | Found Pocets's Book Shoppe.
  4856 | D:5      | Found Tigaeh's Jewellery Emporium.
  5274 | D:5      | Found an iron altar of Okawaru.
  5285 | D:5      | Became a worshipper of Warmaster Okawaru
  5483 | D:6      | Reached skill level 4 in Fighting
  5483 | D:6      | Reached skill level 1 in Invocations
  5781 | D:6      | Reached skill level 3 in Armour
  5828 | D:6      | Got a pair of faintly humming gloves
  5839 | D:6      | Identified the +1 pair of gloves "Revas" {+Inv} (You found it on level 6 of the Dungeon)
  6058 | D:6      | Found a sparkling altar of Nemelex Xobeh.
  6079 | D:6      | Found a sacrificial altar of Ru.
  6086 | D:6      | Found a shadowy altar of Dithmenos.
  6471 | D:6      | Reached skill level 2 in Invocations
  6471 | D:6      | Reached XP level 9. HP: 66/66 MP: 10/10
  6867 | D:6      | Reached skill level 10 in Crossbows
  7011 | D:7      | Reached skill level 4 in Armour
  7011 | D:7      | Reached skill level 3 in Invocations
  7332 | D:7      | Reached * piety under Okawaru
  7332 | D:7      | Reached skill level 5 in Fighting
  7390 | D:7      | Found a glowing golden altar of the Shining One.
  7410 | D:7      | Found a bloodstained altar of Trog.
  7462 | D:7      | Noticed Dowan
  7463 | D:7      | Noticed Duvessa
  7471 | D:7      | Killed Duvessa
  7477 | D:7      | Killed Dowan
  7570 | D:7      | Reached skill level 4 in Invocations
  7573 | D:7      | Noticed Prince Ribbit
  7588 | D:7      | Killed Prince Ribbit
  7972 | D:7      | Reached skill level 5 in Armour
  8052 | D:7      | Found Yhiesah's Antique Weapon Shoppe.
  8054 | D:7      | Found Eric's Distillery.
  8062 | D:7      | Bought a potion of heal wounds for 60 gold pieces
  8062 | D:7      | Bought a potion of agility for 48 gold pieces
  8062 | D:7      | Bought a potion of degeneration for 12 gold pieces
  8062 | D:7      | Bought a potion of flight for 36 gold pieces
  8315 | D:7      | Found a deep blue altar of Sif Muna.
  8339 | D:7      | Identified Sif Muna's Collected Works on Necromancy
  8499 | D:7      | Reached ** piety under Okawaru
  8499 | D:7      | Reached skill level 5 in Invocations
  8499 | D:7      | Reached XP level 10. HP: 63/76 MP: 13/13
  8887 | D:8      | Found Heppop's Weapon Emporium.
  8910 | D:8      | Bought 10 bolts for 24 gold pieces
  8979 | D:8      | Found a sand-covered staircase.
  8991 | Ossuary  | Entered an ossuary
  9316 | D:8      | Reached skill level 11 in Crossbows
  9343 | D:8      | Found Tisor's Distillery.
  9346 | D:8      | Bought a potion of might for 52 gold pieces
  9408 | D:8      | Found Qeawkase's Jewellery Emporium.
  9428 | D:8      | Reached skill level 6 in Fighting
  9537 | D:8      | Found a glowing silver altar of Zin.
  9623 | D:8      | Found a runed door.
  9625 | D:8      | Noticed an orange crystal statue
  9662 | D:8      | Noticed a komodo dragon
  9691 | D:8      | Killed a komodo dragon
  9697 | D:8      | Noticed a two-headed ogre
  9710 | D:8      | HP: 2/77 [two-headed ogre/giant club (21)]
  9711 | D:8      | Mangled by a two-headed ogre

Skill      XL: |  1  2  3  4  5  6  7  8  9 10 |
---------------+-------------------------------+-----
Crossbows      | 5 6 8 9 10 11 | 11.3
Armour         | 1 3 5 |  5.7
Fighting       | 4 5 6 |  6.3
Invocations    | 2 5 |  5.8
Dodging        | |  1.7
Stealth        | |  1.2

Action                   |  1- 3 |  4- 6 |  7- 9 | 10-12 || total
-------------------------+-------+-------+-------+-------++-------
 Fire: Hand crossbow     |    60 |    58 |   188 |    63 ||   369
       Hunting sling     |     1 |   171 |   396 |   113 ||   681
Invok: Heroism           |       |       |     2 |     2 ||     4
 Abil: Dig               |       |       |     1 |     3 ||     4
Evoke: Wand              |       |       |     4 |       ||     4
  Use: Potion            |       |       |     1 |     3 ||     4
  Eat: Chunk             |     1 |     5 |    20 |     2 ||    28
       Fruit             |       |       |     3 |     1 ||     4
       Royal jelly       |       |       |     1 |       ||     1
Armor: Chain mail        |     6 |    92 |   154 |       ||   252
       Skin              |       |       |     3 |       ||     3
       Plate armour      |       |       |    55 |    60 ||   115
Dodge: Dodged            |     7 |    61 |   145 |    32 ||   245
